 Dungeon Crawl Stone Soup version 0.20-a0-642-g4ff03ff (webtiles) character file.

1 theanonym the Sneak (level 1, -1/13 HPs)
             Began as a Merfolk Enchanter on Feb 14, 2017.
             Slain by a kobold
             ... wielding a +0 short sword
              (4 damage)
             ... on level 1 of the Dungeon on Mar 18, 2017.
             The game lasted 00:03:30 (175 turns).

theanonym the Sneak (Merfolk Enchanter)              Turns: 175, Time: 00:03:31

Health: -1/13      AC:  2    Str:  8    XL:     1   Next: 20%
Magic:  3/3        EV: 13    Int: 14    God:
Gold:   0          SH:  0    Dex: 14    Spells: 3/4 levels left

rFire    . . .     SeeInvis .   a - +1 dagger
rCold    . . .     Gourm    .   b - +0 robe
rNeg     . . .     Faith    .   (no shield)
rPois    .         Spirit   .   (no helmet)
rElec    .         Reflect  .   (no cloak)
rCorr    .         Harm     .   (no gloves)
MR       .....                  (no boots)
Stlth    ++........             (no amulet)
Regen    0.1/turn               (no ring)
MPRegen  0.1/turn               (no ring)

@: no status effects
A: change form in water, swift swim, stealthy swim
a: no special abilities


You were on level 1 of the Dungeon.
You were not hungry.

You visited 1 branch of the dungeon, and saw 1 of its levels.

Inventory:

Hand Weapons
 a - a +1 dagger (weapon)
Armour
 b - a +0 robe (worn)
Books
 c - a book of Maledictions
Comestibles
 d - a bread ration


   Skills:
 + Level 1.2 Short Blades
 - Level 2.6 Dodging
 + Level 3.2 Stealth
 + Level 2.0 Spellcasting
 + Level 3.0 Hexes


You had 3 spell levels left.
You knew the following spells:

 Your Spells              Type           Power        Failure   Level  Hunger
a - Corona                Hex            #......      10%         1    ##.....


Dungeon Overview and Level Annotations

Branches:
Dungeon (1/15)

Altars:


Message History

Welcome, theanonym the Merfolk Enchanter.
Will you be the one to retrieve the fabulous Orb of Zot from the depths?
Press ? for a list of commands and other information.
Found a staircase leading out of the dungeon.
There is a staircase leading out of the dungeon here.
You open the gate.
A goblin comes into view.
A goblin is nearby!
There is an open gate here.
Unknown command.
Unknown command.
Unknown command.
Unknown command.
Unknown command.
Unknown command.
Enter note: Save game and exit?
Welcome back, theanonym the Merfolk Enchanter.
Welcome back, theanonym the Merfolk Enchanter.
Welcome back, theanonym the Merfolk Enchanter.
Unknown command.
Quiver which item? (- for none, * to show all) (? for menu, Esc to quit)
Okay, then.
Quiver which item? (- for none, * to show all) (? for menu, Esc to quit)
You don't have any such object.
Quiver which item? (- for none, * to show all) (? for menu, Esc to quit)
You don't have any such object.
Quiver which item? (- for none, * to show all) (? for menu, Esc to quit)
Okay, then.
Okay, then.
Quiver which item? (- for none, * to show all) (? for menu, Esc to quit)
Okay, then.
A goblin is nearby!
A goblin is nearby!
A goblin is nearby!
A goblin is nearby!
A goblin is nearby!
The helpless goblin fails to defend itself.
You impale the goblin!!
You kill the goblin!
You start waiting.
Done waiting.
Welcome back, theanonym the Merfolk Enchanter.
Welcome back, theanonym the Merfolk Enchanter.
Save game and exit?
Welcome back, theanonym the Merfolk Enchanter.
Save game and exit?
Welcome back, theanonym the Merfolk Enchanter.
You open the large door.
There is a large open door here.
A kobold comes into view. It is wielding a short sword.
The kobold shouts!
There is a large open door here.
The kobold hits you with a short sword.
You take 5 damage, and have 8/13 hp.
MASSIVE DAMAGE!!
The kobold misses you. The kobold barely misses you.
The kobold hits you with a short sword.
You take 4 damage, and have 4/13 hp.
MASSIVE DAMAGE!!
The kobold misses you. The kobold barely misses you.
The kobold closely misses you.
Unknown command.
The kobold closely misses you. The kobold hits you with a short sword.
* * * LOW HITPOINT WARNING * * *
You take 1 damage, and have 3/13 hp.
Unknown command.
The kobold barely misses you. The kobold hits you with a short sword.
* * * LOW HITPOINT WARNING * * *
The kobold closely misses you. The kobold closely misses you.
You take 1 damage, and have 2/13 hp.
The kobold hits you but does no damage.
Unknown command.
The kobold hits you with a short sword.
You die...

#############
............#
###########.# #.#
##+## #.# ....#
#.#####....##
######.##..@.....#
#......##...K.)..#
#......##........#
#......''........#
#......##........#
##################


You could see a kobold.

Vanquished Creatures
  A goblin (D:1)
1 creature vanquished.

Notes
Turn   | Place    | Note
-------+----------+-------------------------------------------
     0 | D:1      | theanonym the Merfolk Enchanter began the quest for the Orb.
     0 | D:1      | Reached XP level 1. HP: 13/13 MP: 3/3
   169 | D:1      | HP: 3/13 [kobold/short sword (1)]
   175 | D:1      | Slain by a kobold

Vault maps used:
D:1:      saegor_arrival_simple_c

Action                   || total
-------------------------++-------
Melee: Dagger            ||     1
 Stab: Sleeping          ||     1
Dodge: Dodged            ||     9

Vault maps used:
D:1:      saegor_arrival_simple_c

Table legend:
 A = Turns spent in this place as a percentage of turns spent in the entire game.
 B = Non-inter-level travel turns spent in this place as a percentage of non-inter-level travel turns spent in the entire game.
 C = Inter-level travel turns spent in this place as a percentage of turns spent in this place.
 D = Turns resting spent in this place as a percentage of non-inter-level travel turns spent in this place.
 E = Turns spent auto-exploring this place as a percentage of non-inter-level travel turns spent in this place.
 F = Non-inter-level travel turns spent in this place divided by the number of levels of this place that you've seen.
                   A       B       C       D       E      F
               +-------+-------+-------+-------+-------+----------------------
         Total | 100.0 | 100.0 |   2.9 |   2.9 |   2.9 |  68.0
       Dungeon | 100.0 | 100.0 |   2.9 |   2.9 |   2.9 |  68.0
               +-------+-------+-------+-------+-------+----------------------

Table legend:
 A = Kills in this place as a percentage of kills in entire the game.
 B = Kills by you in this place as a percentage of kills by you in the entire game.
 C = Kills by friends in this place as a percentage of kills by friends in the entire game.
 D = Other kills in this place as a percentage of other kills in the entire game.
 E = Experience gained in this place as a percentage of experience gained in the entire game.
 F = Experience gained in this place divided by the number of levels of this place that you have seen.
                   A       B       C       D       E      F
               +-------+-------+-------+-------+-------+----------------------
         Total | 100.0 | 100.0 |  -nan |  -nan | 100.0 |   2.0
       Dungeon | 100.0 | 100.0 |  -nan |  -nan | 100.0 |   2.0
               +-------+-------+-------+-------+-------+----------------------
